 Dungeon Crawl Stone Soup version 0.21.1-1-g345015fe64 (webtiles) character file.

113495 RepoMan the Unseen (level 16, -14/82 HPs)
             Began as a Vine Stalker Assassin on Apr 23, 2018.
             Was the Champion of Wu Jian.
             Killed from afar by a thorn hunter (35 damage)
             ... with a volley of thorns
             ... on level 2 of the Swamp on Apr 24, 2018.
             The game lasted 05:08:20 (24363 turns).

RepoMan the Unseen (Vine Stalker Assassin)         Turns: 24363, Time: 05:08:21

Health: -14/82     AC: 12    Str: 19    XL:     16   Next: 63%
Magic:  0/31       EV: 22    Int: 10    God:    Wu Jian [******]
Gold:   1606       SH:  0    Dex: 26    Spells: 15/36 levels left

rFire    . . .     SeeInvis .     - Unarmed
rCold    . . .     Gourm    .   (no shield)
rNeg     + . .     Faith    .   j - +0 troll leather armour
rPois    +         Spirit   +   J - +0 helmet "Xint" {rPois Str+4}
rElec    .         Reflect  .   L - +2 ratskin cloak {+Rats rPois rN+ Str-1 Int-1 Dex+1}
rCorr    .         Harm     .   B - +2 pair of gloves
MR       ++...                  V - +0 pair of boots
Stlth    ++++++++..             T - amulet of regeneration
HPRegen  1.83/turn              k - +4 ring of dexterity
MPRegen  0.22/turn              X - ring of flight

@: exhausted, flying
A: fangs 3, regeneration 2, magic shield, antimagic bite, no potion heal 3, rot
immunity
a: Wall Jump, Serpent's Lash, Heavenly Storm, Renounce Religion, Evoke Ratskin,
Stop Flying


You were on level 2 of the Swamp.
You worshipped Wu Jian.
Wu Jian was exalted by your worship.
You were not hungry.

You visited 5 branches of the dungeon, and saw 26 of its levels.
You also visited: Labyrinth and Ossuary.

You collected 2381 gold pieces.
You spent 775 gold pieces at shops.

Inventory:

Hand Weapons
 b - a +0 blowgun
 h - a +4 dagger of holy wrath
 q - the +8 falchion of Overwhelming Force {slice, Int+2}
   (You found it on level 11 of the Dungeon)

   It inflicts extra damage upon your enemies.
   It affects your intelligence (+2).
 F - the +4 short sword of Midsummer {pierce, rF++}
   (You found it on level 11 of the Dungeon)

   It inflicts extra damage upon your enemies.
   It greatly protects you from fire.
 H - the +4 long sword of Innocence {holy, rF+ Int+4}
   (You bought it in a shop on level 13 of the Dungeon)

   It has been blessed by the Shining One to cause great damage to the undead
   and demons.
   It affects your intelligence (+4).
   It protects you from fire.
Missiles
 e - 98 poisoned needles
 x - 2 needles of paralysis
 U - 9 curare-tipped needles
Armour
 j - a +0 troll leather armour (worn)
 s - the cursed +0 chain mail of the Sturgeon {rF+ Str+6, unknown}
   (You found it on level 2 of the Swamp)

   It affects your strength (+6).
   It protects you from fire.
   It has a curse placed upon it.
 v - the +3 hat of Pondering {ponderous, MR+ MP+10 Int+5}
   (You acquired it on level 2 of the Swamp)

   It affects your intelligence (+5).
   It affects your resistance to hostile enchantments.
   It affects your magic capacity (+10).
 A - a +0 helmet of see invisible
 B - a +2 pair of gloves (worn)
 J - the +0 helmet "Xint" (worn) {rPois Str+4}
   (You found it on level 5 of the Dungeon)

   It affects your strength (+4).
   It protects you from poison.
 L - the +2 ratskin cloak (worn) {+Rats rPois rN+ Str-1 Int-1 Dex+1}
   (You found it on level 6 of the Lair of Beasts)

   It affects your strength (-1).
   It affects your intelligence (-1).
   It affects your dexterity (+1).
   It protects you from poison.
   It protects you from negative energy.
 V - a +0 pair of boots (worn)
Jewellery
 k - a +4 ring of dexterity (left hand)
 C - an uncursed ring of wizardry
 T - an amulet of regeneration (around neck)
 X - a ring of flight (right hand)
Wands
 p - a wand of iceblast (9)
 y - a wand of acid (4)
 z - a wand of paralysis (17)
 M - a wand of digging (35)
 S - a wand of flame (51)
Scrolls
 a - a scroll of enchant armour
 c - a scroll of silence
 d - a scroll of vulnerability
 f - 2 scrolls of magic mapping
 i - 7 scrolls of identify
 m - 8 scrolls of teleportation
 n - 6 scrolls of immolation
 u - 2 scrolls of amnesia
 w - 9 scrolls of remove curse
 P - 3 scrolls of fog
 Z - a scroll of holy word
Potions
 o - 7 potions of curing
 r - 6 potions of resistance
 t - 2 potions of cancellation
 G - a potion of magic
 I - 2 potions of berserk rage
 K - 3 potions of agility
 N - a potion of lignification
 R - 5 potions of flight
 Y - 2 potions of might
Miscellaneous
 l - a lightning rod (4/4)
 O - a lamp of fire
Comestibles
 g - 38 rations


   Skills:
 * Level 8.4 Fighting
 + Level 13.8(14.2) Short Blades
 - Level 5.6(10.7) Long Blades
 - Level 1.7 Throwing
 + Level 9.9 Dodging
 + Level 19.9 Stealth
 - Level 1.0 Unarmed Combat
 + Level 10.5 Spellcasting
 - Level 2.0 Hexes
 - Level 2.0 Charms
 - Level 2.0 Necromancy
 - Level 2.0 Translocations
 - Level 2.0 Transmutations


You had 15 spell levels left.
You knew the following spells:

 Your Spells              Type           Power        Failure   Level  Hunger
a - Apportation           Tloc           #.....       7%          1    None
b - Blink                 Tloc           N/A          11%         2    None
c - Confusing Touch       Hex            #.....       7%          1    None
d - Slow                  Hex            #.......     11%         2    None
p - Pain                  Necr           #...         7%          1    None
r - Regeneration          Chrm/Necr      #.........   21%         3    ##.....
s - Animate Skeleton      Necr           N/A          7%          1    None
v - Vampiric Draining     Necr           #.........   21%         3    ##.....
w - Passwall              Tmut/Erth      #.........   16%         2    None
x - Borgnjor's Vile Clut  Necr/Erth      #.........   96%         5    #####..


Dungeon Overview and Level Annotations

Branches:
Dungeon (15/15)            Temple (1/1) D:6            Lair (6/6) D:9
  Swamp (2/4) Lair:2       Spider (0/4) Lair:3        Slime (0/5) Lair:6
    Orc (2/2) D:12            Elf (0/3) Orc:2        Vaults (0/5) D:14
 Depths (0/5) D:15

Altars:
Ashenzari
Cheibriados
Dithmenos
Elyvilon
Fedhas
Gozag
Hepliaklqana
Kikubaaqudgha
Makhleb
Nemelex Xobeh
Okawaru
Qazlal
Ru
Sif Muna
Trog
Uskayaw
Vehumet
Wu Jian
Xom
Yredelemnul
Zin
The Shining One
Beogh

Shops:
D:7 :   D:13 *   Orc:1 ?   Orc:2 (!}[

Annotations:
D:11 exclusion: downstairs
Lair:2 exclusion: oklob plant


Innate Abilities, Weirdness & Mutations

You have razor-sharp teeth.
You heal very quickly.
When hurt, damage is shared between your health and your magic reserves.
Your bite disrupts and absorbs the magic of your enemies.
Potions cannot restore your health.
You are immune to rotting.


Message History

Okay, then.
Unknown command.
Unknown command.
Unknown command.
Unknown command.
Your muscles tense, ready for explosive movement...
You lunge with incredible momentum at the swamp worm.
You hit the swamp worm but do no damage.
Your bite misses the swamp worm.
You spin and attack the swamp worm, with incredible momentum.
You hit the swamp worm but do no damage.
You bite the swamp worm, but do no damage.
Your supernatural speed expires.
You spin and attack the swamp worm.
You hit the swamp worm but do no damage.
The swamp worm appears confused.
The swamp worm seems less confused.
The thorn hunter fires a volley of thorns at you.
The volley of thorns hits you!
You die...

♣ ♣♣..≈......♣
♣..♣...≈≈≈.♣
♣≈≈≈.♣.≈≈≈.♣
♣≈≈≈.≈.≈≈≈.♣
♣...>≈.≈≈≈.♣
♣♣.≈≈...≈≈≈♣♣
♣≈.≈≈♣≈.§≈≈♣
♣♣♣≈≈≈≈≈≈≈≈≈.♣♣
..≈≈.........@≈♣
≈≈≈≈≈≈≈≈≈≈....♣≈♣
♣≈≈≈≈≈.>≈≈f♣.♣♣≈♣♣
.≈≈.≈♣♣≈..♣♣♣♣♣♣<♣
..♣.≈≈≈≈≈.♣ ♣.♣
♣...≈≈≈.≈.♣ ♣.♣.♣
♣.≈.≈≈♣..♣♣ ♣♣ ♣♣
♣♣♣♣§≈≈≈≈≈.♣
♣♣≈♣♣......♣


You could see a thorn hunter.

Vanquished Creatures
  Gastronok (D:8)
  Nessos (Lair:4)
  A dire elephant (D:15)
  A minotaur (Lab)
  An ettin (Orc:1)
  9 hydras
  4 vault guards (D:14)
  2 ghost crabs (Swamp:2)
  A catoblepas (Lair:6)
  A merfolk avatar (Lair:6)
  7 death yaks (Lair:5)
  5 two-headed ogres
  A tengu warrior (D:15)
  4 orc high priests (Orc:2)
  Sonja (D:10)
  Urug (Lair:4)
  4 spriggans
  2 sea snakes
  3 unseen horrors
  2 shambling mangroves
  A wizard (D:14)
  2 deep elf magi (D:14)
  A harpy (Lair:6)
  5 orc knights
  2 wolf spiders (D:15)
  7 orc sorcerers
  6 cyclopes
  17 ugly things
  14 elephants
  5 manticores
  4 black mambas
  A torpor snail (Lair:5)
  6 centaur zombies
  16 spiny frogs
  13 komodo dragons
  3 rime drakes (Lair:6)
  3 gargoyles
  An efreet (D:9)
  2 kobold demonologists (D:14)
  2 polar bears
  A tengu conjurer (D:15)
  8 trolls
  11 hornets
  A wind drake (Lair:6)
  4 tyrant leeches (Swamp:2)
  A slime creature (D:13)
  8 hippogriffs
  17 blink frogs
  2 meliai zombies
  3 bog bodies
  18 dream sheep
  A shadow (D:13)
  3 wraiths
  A basilisk (shapeshifter) (D:14)
  A water elemental (D:15)
  50 yaks
  The ghost of DarkMoon the Skirmisher, an amateur DrTm of Wu Jian (D:3)
  2 hungry ghosts
  A wyvern (D:13)
  4 basilisks
  2 fire elementals (D:12)
  6 vampire mosquitoes
  3 wargs
  3 acid dragons
  2 soldier ants
  6 swamp worms
  4 insubstantial wisps (Lair:2)
  9 water moccasins
  An acid dragon (shapeshifter) (D:15)
  10 porcupines
  2 swamp drakes
  17 orc warriors
  4 ice beasts
  2 sky beasts
  2 black bears (D:10)
  19 ogres
  A phantom (D:13)
  8 wolves (Lair:4)
  11 centaurs
  9 crocodiles
  Blork the orc (D:6)
  8 big kobolds
  2 wyvern zombies
  17 bullfrogs
  4 water moccasin zombies (Ossuary)
  An elf skeleton (D:7)
  Dowan (D:7)
  6 scorpions
  9 wights
  14 killer bees
  11 howler monkeys
  8 lava snakes
  8 crimson imps
  3 bullfrog zombies
  4 quasits
  5 hounds
  3 human zombies (D:7)
  9 jellies
  6 centaur skeletons
  4 bullfrog skeletons
  12 orc priests
  4 iguanas
  16 orc wizards
  5 hell rats (Lair:6)
  10 worker ants
  A killer bee zombie (D:6)
  A hound zombie (D:9)
  3 hound skeletons
  2 mummies (Ossuary)
  2 worker ant zombies
  Robin (D:3)
  4 gnolls (D:9)
  7 adders
  4 shadow imps
  10 oozes
  3 adder zombies
  A worm (D:2)
  An adder skeleton (D:9)
  2 dart slugs
  3 leopard geckos
  39 orcs
  13 giant cockroaches
  18 goblins
  12 hobgoblins
  13 jackals
  7 quokkas
  9 bats
  5 frilled lizards
  2 gnoll zombies (Ossuary)
  2 hobgoblin zombies (Ossuary)
  A jackal zombie (D:5)
  27 kobolds
  6 kobold zombies (Ossuary)
  An orc skeleton (D:7)
  7 orc zombies
  6 rats
806 creatures vanquished.

Vanquished Creatures (collateral kills)
  An orc knight (Orc:2)
  An orc sorcerer (Orc:2)
  A wight (D:7)
  An orc (D:7)
4 creatures vanquished.

Vanquished Creatures (others)
  A hydra (Lair:6)
  A dream sheep (Lair:6)
  A warg (D:15)
  Duvessa (D:7)
  A water moccasin (Lair:6)
  An ogre (D:12)
  A wight (D:7)
  An orc wizard (Orc:2)
  A worker ant zombie (D:7)
  An orc zombie (Ossuary)
  27 fungi
  31 plants
68 creatures vanquished.

Grand Total: 878 creatures vanquished

Notes
Turn   | Place    | Note
-------+----------+-------------------------------------------
     0 | D:1      | RepoMan the Vine Stalker Assassin began the quest for the Orb.
     0 | D:1      | Reached XP level 1. HP: 11/11 MP: 2/2
    94 | D:1      | Reached skill level 5 in Stealth
   164 | D:1      | Reached skill level 1 in Dodging
   164 | D:1      | Reached XP level 2. HP: 15/15 MP: 3/3
   978 | D:1      | Reached XP level 3. HP: 5/18 MP: 1/4
  1782 | D:2      | Gained mutation: Your natural rate of healing is unusually fast. [Vine Stalker growth]
  1782 | D:2      | Reached XP level 4. HP: 19/23 MP: 5/5
  1981 | D:2      | Noticed an ogre
  2006 | D:2      | Killed an ogre
  2006 | D:2      | Reached skill level 6 in Stealth
  2006 | D:2      | Reached XP level 5. HP: 26/26 MP: 6/6
  2195 | D:3      | Found a sacrificial altar of Ru.
  2196 | D:3      | Noticed DarkMoon's ghost (amateur DrTm)
  2538 | D:3      | Noticed Robin
  2558 | D:3      | Killed Robin
  2558 | D:3      | Reached XP level 6. HP: 29/30 MP: 4/7
  2686 | D:3      | Found a bloodstained altar of Trog.
  2687 | D:3      | Found a burning altar of Makhleb.
  2723 | D:3      | Killed DarkMoon's ghost
  2723 | D:3      | Reached skill level 7 in Stealth
  3193 | D:3      | Learned a level 2 spell: Blink
  3369 | D:4      | Reached XP level 7. HP: 30/34 MP: 8/8
  3421 | D:4      | Noticed a hungry ghost
  3444 | D:4      | Killed a hungry ghost
  3444 | D:4      | Reached skill level 8 in Stealth
  3444 | D:4      | Reached skill level 1 in Spellcasting
  3603 | D:4      | Found an opulent altar of Gozag.
  3603 | D:4      | Found a glowing golden altar of the Shining One.
  3603 | D:4      | Found an iron altar of Okawaru.
  3661 | D:4      | Reached skill level 5 in Short Blades
  3677 | D:4      | Gained mutation: You have razor-sharp teeth. [Vine Stalker growth]
  3677 | D:4      | Reached XP level 8. HP: 36/38 MP: 11/11
  3755 | D:4      | Found a deep blue altar of Sif Muna.
  3975 | D:5      | Entered Level 5 of the Dungeon
  4059 | D:5      | Got a transparent helmet
  4071 | D:5      | Reached skill level 9 in Stealth
  4125 | D:4      | Identified the cursed +0 helmet "Xint" {rPois Str+4} (You found it on level 5 of the Dungeon)
  4251 | D:5      | Identified the Volume of Dusty Self-Knowledge
  4388 | D:5      | Found a shattered altar of Ashenzari.
  4618 | D:6      | Noticed Blork the orc
  4648 | D:6      | Found a staircase to the Ecumenical Temple.
  4661 | Temple   | Entered the Ecumenical Temple
  4766 | D:6      | Killed Blork the orc
  4932 | D:6      | Reached skill level 10 in Stealth
  4932 | D:6      | Reached XP level 9. HP: 42/42 MP: 14/14
  4952 | D:6      | Learned a level 2 spell: Passwall
  4952 | D:6      | Found a burning altar of Makhleb.
  5147 | D:6      | Found an ornate altar of the Wu Jian Council.
  5481 | D:7      | Found a radiant altar of Vehumet.
  5543 | D:7      | Noticed Dowan
  5544 | D:7      | Noticed Duvessa
  5567 | D:7      | Your ally died
  5585 | D:7      | Killed Dowan
  5685 | D:7      | Found a sand-covered staircase.
  5690 | Ossuary  | Entered an ossuary
  5934 | D:7      | Reached skill level 11 in Stealth
  6000 | D:6      | Became a worshipper of the Wu Jian Council
  6104 | D:7      | Found Vecureqehu's Book Shop.
  6351 | D:8      | Found a hazy altar of Hepliaklqana.
  6476 | D:8      | Noticed Gastronok
  6739 | D:8      | Killed Gastronok
  6739 | D:8      | Reached skill level 5 in Dodging
  6739 | D:8      | Reached skill level 12 in Stealth
  6739 | D:8      | Reached skill level 5 in Spellcasting
  6739 | D:8      | Reached XP level 10. HP: 46/46 MP: 16/18
  6910 | D:8      | Found a snail-covered altar of Cheibriados.
  7216 | D:9      | Found a staircase to the Lair.
  7318 | D:9      | Reached * piety under Wu Jian
  7704 | Lair:1   | Entered Level 1 of the Lair of Beasts
  7734 | Lair:1   | Noticed a seven-headed hydra
  7740 | Lair:1   | Killed a seven-headed hydra
  7786 | Lair:1   | Reached skill level 13 in Stealth
  7823 | Lair:1   | Reached XP level 11. HP: 50/50 MP: 20/20
  7870 | Lair:1   | Noticed an eight-headed hydra
  7935 | D:10     | Entered Level 10 of the Dungeon
  8184 | D:10     | Noticed Sonja
  8189 | D:10     | Killed Sonja
  8523 | D:10     | Learned a level 1 spell: Animate Skeleton
  8525 | D:10     | Learned a level 1 spell: Pain
  8850 | D:11     | Reached ** piety under Wu Jian
  8898 | D:11     | Got a warped falchion
  8906 | D:11     | Identified the +8 falchion of Overwhelming Force {slice, Int+2} (You found it on level 11 of the Dungeon)
  9193 | D:11     | Reached skill level 1 in Long Blades
  9214 | D:11     | Noticed a two-headed ogre
  9218 | D:11     | Killed a two-headed ogre
  9218 | D:11     | Reached skill level 14 in Stealth
  9239 | D:11     | Got a crude short sword
  9240 | D:11     | Identified the +4 short sword of Midsummer {pierce, rF++} (You found it on level 11 of the Dungeon)
  9259 | D:11     | Reached skill level 10 in Short Blades
  9294 | D:11     | Noticed a cyclops
  9301 | D:11     | Killed a cyclops
  9324 | D:11     | Noticed a manticore
  9331 | D:11     | Killed a manticore
  9433 | D:11     | Got a jewelled plate armour
  9627 | D:12     | Noticed a two-headed ogre
  9661 | D:12     | Killed a two-headed ogre
  9661 | D:12     | Gained mutation: You heal very quickly. [Vine Stalker growth]
  9661 | D:12     | Reached XP level 12. HP: 24/54 MP: 10/23
  9789 | D:12     | Reached *** piety under Wu Jian
  9809 | D:12     | Found a staircase to the Orcish Mines.
  9987 | Lair:1   | Killed an eight-headed hydra
 10127 | Lair:1   | Noticed a seven-headed hydra
 10133 | Lair:1   | Killed a seven-headed hydra
 10610 | Lair:2   | Reached skill level 15 in Stealth
 10810 | Lair:2   | Found a staircase to the Swamp.
 11018 | Lair:2   | Learned a level 2 spell: Slow
 11022 | Lair:2   | Learned a level 3 spell: Regeneration
 11026 | Lair:2   | Learned a level 3 spell: Vampiric Draining
 11032 | Lair:2   | Learned a level 5 spell: Borgnjor's Vile Clutch
 11437 | Lair:3   | Found a hole to the Spider Nest.
 11450 | Lair:3   | Reached **** piety under Wu Jian
 11824 | Lair:4   | Noticed Urug
 11826 | Lair:4   | Killed Urug
 12019 | Lair:5   | Reached XP level 13. HP: 27/58 MP: 12/26
 12195 | Lair:4   | You fall through a shaft!
 12371 | Lair:5   | Reached skill level 16 in Stealth
 12574 | Lair:4   | Noticed Nessos
 12581 | Lair:4   | Killed Nessos
 12979 | Lair:5   | Reached ***** piety under Wu Jian
 12989 | Lair:5   | Reached skill level 5 in Long Blades
 13749 | Lair:6   | Entered Level 6 of the Lair of Beasts
 13802 | Lair:6   | Reached skill level 1 in Transmutations
 13804 | Lair:6   | Reached skill level 1 in Necromancy
 13810 | Lair:6   | Reached skill level 1 in Translocations
 13862 | Lair:6   | Reached skill level 1 in Charms
 13929 | Lair:6   | Learned a level 1 spell: Apportation
 13931 | Lair:6   | Learned a level 1 spell: Confusing Touch
 14007 | Lair:6   | Reached skill level 1 in Hexes
 14007 | Lair:6   | Reached XP level 14. HP: 52/65 MP: 27/27
 14545 | Lair:6   | Reached skill level 17 in Stealth
 14651 | Lair:6   | Reached skill level 1 in Unarmed Combat
 14984 | Lair:6   | Found a staircase to the Slime Pits.
 15542 | Lair:6   | Found the +2 ratskin cloak {+Rats rPois rN+ Str-1 Int-1 Dex+1}
 15588 | Lair:6   | Identified the Grimoire of Displaced Boosts
 15883 | Lair:6   | Identified a scroll of acquirement
 16023 | Lair:2   | Got a faintly glowing jade amulet
 16040 | Lair:3   | Identified the amulet "Kinalut" {Faith Str+5} (You found it on level 2 of the Lair of Beasts)
 16538 | Orc:1    | Entered Level 1 of the Orcish Mines
 16595 | Orc:1    | Found Ixkeg's Magic Scroll Shoppe.
 16630 | Orc:1    | Bought a scroll of noise for 17 gold pieces
 16630 | Orc:1    | Bought a scroll of identify for 34 gold pieces
 16630 | Orc:1    | Bought a scroll of identify for 34 gold pieces
 16630 | Orc:1    | Bought a scroll of identify for 34 gold pieces
 16633 | Orc:1    | Bought a scroll of summoning for 161 gold pieces
 16676 | Orc:1    | Reached ****** piety under Wu Jian
 16977 | Orc:2    | Entered Level 2 of the Orcish Mines
 17018 | Orc:2    | Found a staircase to the Elven Halls.
 17031 | Orc:2    | Reached XP level 15. HP: 71/71 MP: 27/29
 17165 | Orc:2    | Found a runed door.
 17173 | Orc:2    | Paralysed by an orc sorcerer for 5 turns
 17328 | Orc:2    | Found Jurcha's Antique Weapon Shop.
 17488 | Orc:2    | Found Mova's Armour Emporium.
 17561 | Orc:2    | Reached skill level 5 in Fighting
 17645 | Orc:2    | Reached skill level 18 in Stealth
 17843 | Orc:2    | Found Xeakhenom's Gadget Emporium.
 17844 | Orc:2    | Found Ipal's Gadget Shop.
 17844 | Orc:2    | Found Petuh's Distillery.
 18106 | Orc:2    | Paralysed by an orc sorcerer for 6 turns
 18120 | Orc:2    | Paralysed by an orc sorcerer for 4 turns
 18284 | Orc:2    | Reached skill level 10 in Spellcasting
 18288 | Orc:2    | Found a roughly hewn altar of Beogh.
 19141 | D:13     | Found a labyrinth entrance.
 19160 | Lab      | Entered a labyrinth
 19303 | Lab      | Got a crystal flail
 19433 | Lab      | Identified the Handbook of Augmentations and Creation
 19879 | D:13     | Found Genice's Assorted Antiques.
 19916 | D:13     | Bought a wand of digging (9) for 240 gold pieces
 19916 | D:13     | Bought a shimmering long sword for 255 gold pieces
 19916 | D:13     | Identified the +4 long sword of Innocence {holy, rF+ Int+4} (You bought it in a shop on level 13 of the Dungeon)
 20045 | D:13     | Got a bloodstained hand axe
 21397 | D:14     | Reached skill level 19 in Stealth
 21488 | D:14     | Found a gate to the Vaults.
 21588 | D:15     | Entered Level 15 of the Dungeon
 21760 | D:15     | Reached XP level 16. HP: 78/79 MP: 31/31
 21989 | D:15     | Found a staircase to the Depths.
 23080 | Swamp:1  | Entered Level 1 of the Swamp
 24014 | Swamp:2  | Found the +3 hat of Pondering {ponderous, MR+ MP+10 Int+5}
 24315 | Swamp:2  | Got a scorched chain mail
 24342 | Swamp:2  | Noticed a thorn hunter
 24363 | Swamp:2  | Killed from afar by a thorn hunter

Skill      XL: |  1  2  3  4  5  6  7  8  9 10 11 12 13 14 15 16 |
---------------+-------------------------------------------------+-----
Stealth        | 5 6 7 8 10 12 13 14 15 16 17 19 | 19.9
Short Blades   | 2 3 4 5 6 8 9 10 11 12 13 | 13.8
Dodging        | 1 2 3 5 6 7 8 9 |  9.9
Spellcasting   | 1 3 5 7 8 9 10 | 10.5
Long Blades    | 2 4 5 |  5.6
Fighting       | 3 4 6 8 |  8.4
Transmutations | 1 2 |  2.0
Necromancy     | 1 2 |  2.0
Translocations | 1 2 |  2.0
Charms         | 1 2 |  2.0
Hexes          | 1 2 |  2.0
Unarmed Combat | 1 |  1.0
Throwing       | |  1.7

Action                   |  1- 3 |  4- 6 |  7- 9 | 10-12 | 13-15 | 16-18 || total
-------------------------+-------+-------+-------+-------+-------+-------++-------
Melee: Dagger            |   117 |    99 |   297 |   267 |   538 |   204 ||  1522
       Bite              |    31 |    31 |   124 |   160 |   710 |   209 ||  1265
       Double sword      |       |       |       |    68 |     2 |       ||    70
       Falchion          |       |       |       |   102 |   516 |    71 ||   689
       Scimitar          |       |       |       |       |     7 |       ||     7
       Unarmed           |       |       |       |       |   256 |    93 ||   349
       Punch             |       |       |       |       |     5 |     1 ||     6
       Short sword       |       |       |       |       |    23 |       ||    23
       Long sword        |       |       |       |       |     8 |    23 ||    31
       Blowgun           |       |       |       |       |     1 |       ||     1
 Fire: Blowgun           |       |     9 |    30 |     4 |     9 |     3 ||    55
Throw: Throwing net      |     2 |     1 |     2 |       |    11 |       ||    16
 Cast: Confusing Touch   |       |       |       |       |   108 |    35 ||   143
       Apportation       |       |       |       |       |     8 |     2 ||    10
       Regeneration      |       |       |       |       |     1 |       ||     1
       Blink             |       |       |       |       |     1 |       ||     1
Invok: Lunge             |       |       |     6 |   114 |   168 |    33 ||   321
       Whirlwind         |       |       |       |    82 |   336 |   167 ||   585
       Wall Jump         |       |       |       |     7 |    20 |     1 ||    28
       Serpent's Lash    |       |       |       |       |     2 |     1 ||     3
 Abil: Evoke Flight      |       |       |       |       |     2 |     7 ||     9
Evoke: Wand              |       |       |     6 |     3 |     9 |     6 ||    24
       Lamp of fire      |       |       |       |       |     2 |       ||     2
       Lightning rod     |       |       |       |       |     4 |       ||     4
  Use: Potion            |       |     1 |     3 |     3 |       |     1 ||     8
       Scroll            |       |       |    15 |    10 |    14 |     3 ||    42
 Stab: Sleeping          |     8 |     9 |    30 |    71 |    51 |    14 ||   183
       Held in net/web   |     1 |     1 |     1 |       |    12 |       ||    15
       Distracted        |       |     1 |     2 |     3 |    21 |     2 ||    29
       Paralysed         |       |       |     1 |     1 |     2 |       ||     4
       Betrayed ally     |       |       |     1 |       |       |       ||     1
       Confused          |       |       |       |       |    99 |    41 ||   140
  Eat: Chunk             |     3 |     5 |     7 |    14 |    24 |     5 ||    58
       Ration            |       |       |     1 |     1 |     3 |     2 ||     7
Armor: Robe              |    33 |     9 |    49 |    41 |    80 |       ||   212
       Troll leather arm |       |       |       |       |    83 |    42 ||   125
       Skin              |       |       |       |       |       |    41 ||    41
Dodge: Dodged            |    68 |    43 |    92 |   212 |   713 |   189 ||  1317
       Rpst.: Double sword |       |       |       |    22 |     2 |       ||    24
       Falchion          |       |       |       |    15 |    73 |    12 ||   100
       Scimitar          |       |       |       |       |     1 |       ||     1
       Long sword        |       |       |       |       |     1 |     9 ||    10
